 Dungeon Crawl Stone Soup version 0.19.0-2-gae57169 (webtiles) character file.

3225 Letos the Carver (level 10, -2/79 HPs)
             Began as a Formicid Fighter on Nov 3, 2016.
             Was an Initiate of Zin.
             Slain by an orc warrior
             ... wielding a +0 halberd
              (23 damage)
             ... in a bailey on Nov 4, 2016.
             The game lasted 00:13:54 (4976 turns).

Letos the Carver (Formicid Fighter)                 Turns: 4976, Time: 00:13:55

Health: -2/79      AC:  7    Str: 23    XL:     10   Next: 18%
Magic:  20/20      EV: 10    Int:  7    God:    Zin [......]
Gold:   74         SH: 11    Dex: 12    Spells: 0 memorised, 9 levels left

rFire  . . .     SeeInvis +     a - +0 long sword
rCold  . . .     Gourm    .     L - +2 leather armour "Fynuy" {Slay+3}
rNeg   . . .     Faith    .     c - +0 shield
rPois  +         Spirit   .     (helmet unavailable)
rElec  .         Reflect  .     j - +0 cloak
rCorr  .         Harm     .     s - +0 pair of gloves
MR     +....                    (no boots)
Stlth  +.........               t - amulet of regeneration
                                y - ring of magical power
                                E - ring of poison resistance

@: no status effects
A: permanent stasis, dig shafts and tunnels, four strong arms, antennae 3
a: Dig, Shaft Self, Donate Gold, Renounce Religion


You were in a bailey.
You worshipped Zin.
Zin was noncommittal.
You were not hungry.

You visited 2 branches of the dungeon, and saw 8 of its levels.
You also visited: Bailey.

You collected 369 gold pieces.
You spent 287 gold pieces at shops.
You donated 8 gold pieces to Zin.

Inventory:

Hand Weapons
 a - a +0 long sword (weapon)
 D - a +1 great sword
Missiles
 m - 3 tomahawks (quivered)
Armour
 c - a +0 shield (worn)
 j - a +0 cloak (worn)
 s - a +0 pair of gloves (worn)
 B - a +0 buckler
 F - a +0 chain mail
 L - the +2 leather armour "Fynuy" (worn) {Slay+3}
   (You found it on level 7 of the Dungeon)

   It affects your accuracy and damage with ranged weapons and melee attacks
   (+3).
Jewellery
 t - an amulet of regeneration (around neck)
 y - a ring of magical power (right hand)
 E - a ring of poison resistance (left hand)
 H - an uncursed ring of fire
Wands
 b - a wand of slowing (25/48)
 u - a wand of digging (10/24)
 A - a wand of slowing (13/48)
 G - a wand of hasting (3/9)
Scrolls
 e - 3 scrolls of fear
 g - 2 scrolls of enchant armour
 k - 2 scrolls of remove curse
 l - 5 scrolls of identify
 o - a scroll of teleportation
 x - a scroll of holy word {unknown}
 J - a scroll of recharging
Potions
 h - a potion of brilliance
 i - a potion of flight
 n - a potion of heal wounds
 q - 2 potions of cure mutation
 r - a potion of agility
 v - a potion of haste {unknown}
 w - 2 potions of curing
 C - 2 potions of ambrosia
Books
 K - a book of Geomancy

   Spells                             Type                      Level
   a - Sandblast                      Earth                        1
   b - Passwall                       Transmutation/Earth          2
   c - Stone Arrow                    Conjuration/Earth            3
   d - Petrify                        Transmutation/Earth          4
   e - Lee's Rapid Deconstruction     Earth                        5
Comestibles
 d - 4 chunks of flesh
 f - 5 bread rations
 p - 4 beef jerkies
 z - 4 meat rations


   Skills:
 + Level 7.2 Fighting
 * Level 10.5 Long Blades
 - Level 2.0 Throwing
 - Level 3.2 Armour
 + Level 7.8 Shields
 + Level 2.6 Invocations


You had 9 spell levels left.
You didn't know any spells.

Dungeon Overview and Level Annotations

Branches:
Dungeon (7/15)             Temple (1/1) D:7

Altars:
Ashenzari
Cheibriados
Dithmenos
Elyvilon
Fedhas
Gozag
Hepliaklqana
Nemelex Xobeh
Okawaru
Qazlal
Ru
Sif Muna
Uskayaw
Vehumet
Xom
Yredelemnul
Zin
The Shining One

Shops:
D:6 ?


Innate Abilities, Weirdness & Mutations

You are under a permanent stasis effect.
You can dig through walls and to a lower floor.
Your four strong arms can wield two-handed weapons with a shield.
You have a pair of large antennae on your head. (SInv)


Message History

You see here 3 bolts.
The orc warrior shoots a bolt.
You block the bolt.
The orc warrior shoots a bolt.
The bolt closely misses you.
You see here a bolt.
You block the orc warrior's attack.
The orc warrior hits you from afar with a halberd!
The orc warrior hits you from afar with a halberd!
The orc warrior hits you from afar with a halberd!
The orc warrior hits you from afar with a halberd!
* * * LOW HITPOINT WARNING * * *
You block the orc warrior's attack.
An orc warrior is nearby!
An orc warrior is nearby!
An orc warrior is nearby!
You extend your mandibles.
You dig through the rock wall.
An orc and 2 orc warriors come into view.
The orc warrior shouts!
The orc shouts!
The orc warrior shouts!
The orc warrior hits you from afar with a halberd!!
You die...

##..# ##o#
#######.#∩## ##
#?..##.....##.∩.# ...
#?..#..≈≈≈..#(((#..≈≈
#!..#.≈≈o≈≈..(....≈≈o
#o..+.≈ooo≈..(....≈oo
#...#.≈≈o≈≈....(..≈≈o
#[..#..≈≈≈..#...#..≈≈
#%..@#.....##...##...
##o###########∩## ###
# ###


You could see 7 orc warriors and an orc.

Vanquished Creatures
  The ghost of Stossel the Covert, a novice NaEn of Cheibriados (D:7)
  The ghost of dogface the Covered, an amateur MiFi (D:6)
  Grinder (D:3)
  Sigmund (D:5)
  Eustachio (D:6)
  A water moccasin (D:7)
  Edmund (D:5)
  A black bear (D:7)
  A sky beast (D:5)
  3 ogres (D:5)
  2 centaurs (D:5)
  5 bullfrogs
  3 scorpions
  A howler monkey (D:4)
  A crimson imp (D:5)
  A bullfrog zombie (D:7)
  An orc priest (D:5)
  A bullfrog skeleton (D:6)
  5 orc wizards
  A centaur skeleton (D:6)
  Terence (D:3)
  An iguana (D:4)
  4 worker ants
  11 adders
  4 gnolls
  An adder skeleton (D:4)
  An adder zombie (D:6)
  2 worms (D:2)
  2 dart slugs (D:2)
  3 leopard geckos
  5 orcs
  3 ball pythons
  2 bats
  7 giant cockroaches
  6 goblins
  8 hobgoblins
  12 jackals
  11 kobolds
  2 quokkas
  5 frilled lizards
  A quokka skeleton (D:4)
  10 rats
135 creatures vanquished.

Notes
Turn   | Place    | Note
-------+----------+-------------------------------------------
     0 | D:1      | Letos the Formicid Fighter began the quest for the Orb.
     0 | D:1      | Reached XP level 1. HP: 18/18 MP: 1/1
   161 | D:1      | Reached XP level 2. HP: 24/24 MP: 2/2
   522 | D:1      | Reached skill level 3 in Long Blades
   804 | D:1      | Reached XP level 3. HP: 24/29 MP: 3/3
   960 | D:2      | Reached skill level 1 in Throwing
   965 | D:2      | Reached XP level 4. HP: 33/35 MP: 4/4
  1034 | D:2      | Found a stormy altar of Qazlal.
  1245 | D:2      | Reached skill level 4 in Long Blades
  1378 | D:2      | Reached XP level 5. HP: 41/41 MP: 5/5
  1846 | D:3      | Noticed Grinder
  1862 | D:3      | Killed Grinder
  1862 | D:3      | Reached skill level 6 in Long Blades
  1862 | D:3      | Reached XP level 6. HP: 14/47 MP: 6/6
  1888 | D:3      | Reached XP level 7. HP: 32/52 MP: 7/7
  2132 | D:3      | Noticed Terence
  2143 | D:3      | Killed Terence
  2823 | D:4      | Reached skill level 7 in Long Blades
  3024 | D:5      | Entered Level 5 of the Dungeon
  3093 | D:5      | Reached XP level 8. HP: 45/60 MP: 8/8
  3220 | D:5      | Reached skill level 5 in Shields
  3325 | D:5      | Noticed Edmund
  3338 | D:5      | Killed Edmund
  3338 | D:5      | Reached skill level 8 in Long Blades
  3439 | D:5      | Reached skill level 5 in Fighting
  3669 | D:5      | Noticed Sigmund
  3684 | D:5      | Killed Sigmund
  3684 | D:5      | Reached XP level 9. HP: 68/68 MP: 9/9
  3755 | D:6      | Reached skill level 9 in Long Blades
  3885 | D:6      | Noticed dogface's ghost (amateur MiFi)
  3920 | D:6      | Killed dogface's ghost
  3953 | D:6      | Noticed Eustachio
  4022 | D:6      | Killed Eustachio
  4059 | D:6      | Found Meahisan's Magic Scroll Shop.
  4077 | D:6      | Bought a scroll of recharging for 133 gold pieces
  4077 | D:6      | Bought a scroll of fear for 49 gold pieces
  4077 | D:6      | Bought a scroll of enchant armour for 105 gold pieces
  4356 | D:7      | Got a brightly glowing leather armour
  4375 | D:7      | Reached skill level 10 in Long Blades
  4416 | D:7      | Found a staircase to the Ecumenical Temple.
  4421 | Temple   | Entered the Ecumenical Temple
  4460 | Temple   | Became a worshipper of Zin the Law-Giver
  4538 | D:7      | Found a deep blue altar of Sif Muna.
  4538 | D:7      | Found a hazy altar of Hepliaklqana.
  4596 | D:7      | Found a snail-covered altar of Cheibriados.
  4633 | D:7      | Noticed Stossel's ghost (novice NaEn)
  4678 | D:7      | Killed Stossel's ghost
  4678 | D:7      | Reached XP level 10. HP: 23/79 MP: 11/11
  4770 | D:7      | Found a sacrificial altar of Ru.
  4854 | D:7      | Found a flagged portal.
  4874 | Bailey   | Entered a bailey
  4881 | Bailey   | Noticed an orc knight
  4958 | Bailey   | Identified the +2 leather armour "Fynuy" {Slay+3} (You found it on level 7 of the Dungeon)
  4976 | Bailey   | Slain by an orc warrior

Skill      XL: |  1  2  3  4  5  6  7  8  9 |
---------------+----------------------------+-----
Long Blades    | 3 4 6 7 8 10 | 10.5
Throwing       | 1 2 |  2.0
Shields        | 4 6 7 |  7.8
Fighting       | 4 5 7 |  7.2
Invocations    | 2 |  2.6
Armour         | |  3.2

Action                   |  1- 3 |  4- 6 |  7- 9 | 10-12 || total
-------------------------+-------+-------+-------+-------++-------
Melee: Long sword        |    68 |   145 |   409 |    27 ||   649
Throw: Tomahawk          |       |       |     3 |       ||     3
 Abil: Dig               |       |     1 |    15 |     3 ||    19
  Use: Scroll            |       |     2 |    15 |       ||    17
       Potion            |       |     1 |     9 |       ||    10
  Eat: Chunk             |       |     4 |    10 |     1 ||    15
       Beef jerky        |       |       |     1 |       ||     1
Armor: Scale mail        |    22 |    79 |    53 |       ||   154
       Chain mail        |       |       |   103 |    10 ||   113
       Skin              |       |       |    11 |       ||    11
Dodge: Dodged            |    35 |    95 |   133 |    11 ||   274
Block: Shield            |     1 |       |       |     4 ||     5
       Buckler           |       |       |    71 |     9 ||    80
       Rpst.: Long sword |     8 |    28 |    40 |       ||    76
